 Dungeon Crawl Stone Soup version 0.24-a0-445-gd5110b030a (webtiles) character file.

Game seed: 12107852786987265228

18 theanonym the Ruffian (level 2, 0/23 HPs)
             Began as a Draconian Transmuter on June 22, 2019.
             Slain by a leopard gecko (2 damage)
             ... on level 1 of the Dungeon.
             The game lasted 00:00:29 (543 turns).

theanonym the Ruffian (Draconian Transmuter)         Turns: 543, Time: 00:00:31

Health: 0/23       AC:  4    Str: 12    XL:     2   Next: 48%
Magic:  5/5        EV: 12    Int: 13    God:
Gold:   37         SH:  0    Dex: 11    Spells: 2/5 levels left

rFire    . . .     SeeInvis .     - Unarmed
rCold    . . .     Gourm    .   (no shield)
rNeg     . . .     Faith    .   (armour unavailable)
rPois    .         Spirit   .   (helmet restricted)
rElec    .         Reflect  .   (no cloak)
rCorr    .         Harm     .   (no gloves)
MR       .....                  (no boots)
Stlth    +.........             (no amulet)
HPRegen  0.07/turn              (no ring)
MPRegen  0.09/turn              (no ring)

@: no status effects
A: unfitting armour, cold-blooded, AC +4
a: no special abilities


Innate Abilities, Weirdness & Mutations

Your plain brown scales are hard. (AC +4)
You cannot fit into any form of body armour.
You are cold-blooded and may be slowed by cold attacks.


   Skills:
 - Level 1.1 Fighting
 - Level 1.7 Dodging
 + Level 3.4 Unarmed Combat
 - Level 2.0 Spellcasting
 + Level 2.6 Transmutations


You had 2 spell levels left.
You knew the following spells:

 Your Spells              Type           Power        Failure   Level  Hunger
a - Beastly Appendage     Tmut           #.....       9%          1    ##.....
b - Sticks to Snakes      Tmut           #.......     13%         2    ###....

Your spell library contained the following spells:

 Spells                   Type           Power        Failure   Level  Hunger
 Spider Form              Tmut/Pois      #.........   41%         3    ####...
 Ice Form                 Ice/Tmut       #.......     83%         4    #####..
 Blade Hands              Tmut           #.........   94%         5    ######.

Action                   || total
-------------------------++-------
Melee: Unarmed           ||    60
       Tailslap          ||     4
       Headbutt          ||     1
 Cast: Beastly Appendage ||     1
 Stab: Sleeping          ||     1
Armor: Skin              ||    13
Dodge: Dodged            ||    33

Inventory:

Missiles
 a - 25 arrows
Scrolls
 b - a scroll of remove curse {unknown}
Potions
 d - a potion of magic {unknown}
Comestibles
 c - 8 chunks of flesh
 e - a ration


You were on level 1 of the Dungeon.
You were not hungry.

You visited 1 branch of the dungeon, and saw 1 of its levels.

You collected 37 gold pieces.

Dungeon Overview and Level Annotations

Branches:
Dungeon (1/15)

Altars:

##...#..#.#.#
............ ..#
.#..........# ..#
.##.#........ ..#
.##.#..#...# #.#
.##.#..##.## #.# .
.##.#..##.# ##.####...
....#..##.#####.........
..............).@l......
#......##...###.####.#..
....#.# #.......#
....#.# #...#######.
....#.# ##.#........
###.#.####.#รท######.
#..........#
############


You could see a leopard gecko.

Notes
Turn   | Place    | Note
-------+----------+-------------------------------------------
     0 | D:1      | theanonym the Draconian Transmuter began the quest for the
                  | Orb.
     0 | D:1      | Reached XP level 1. HP: 16/16 MP: 3/3
    81 | D:1      | HP: 5/16 [hobgoblin/+0 club (7)]
   423 | D:1      | Reached XP level 2. HP: 21/23 MP: 5/5
   438 | D:1      | Learned a level 2 spell: Sticks to Snakes
   540 | D:1      | HP: 11/23 [leopard gecko (1)]
   542 | D:1      | HP: 2/23 [leopard gecko (5)]
   543 | D:1      | Slain by a leopard gecko

Vanquished Creatures
  2 dart slugs (D:1)
  5 goblins (D:1)
  3 hobgoblins (D:1)
  A bat (D:1)
  2 rats (D:1)
13 creatures vanquished.

Table legend:
 A = Turns spent in this place as a percentage of turns spent in the entire game.
 B = Non-inter-level travel turns spent in this place as a percentage of non-inter-level travel turns spent in the entire game.
 C = Inter-level travel turns spent in this place as a percentage of turns spent in this place.
 D = Turns resting spent in this place as a percentage of non-inter-level travel turns spent in this place.
 E = Turns spent auto-exploring this place as a percentage of non-inter-level travel turns spent in this place.
 F = Non-inter-level travel turns spent in this place divided by the number of levels of this place that you've seen.
                   A       B       C       D       E      F
               +-------+-------+-------+-------+-------+----------------------
         Total | 100.0 | 100.0 |   0.0 |  40.1 |  41.3 | 543.0
       Dungeon | 100.0 | 100.0 |   0.0 |  40.1 |  41.3 | 543.0
               +-------+-------+-------+-------+-------+----------------------
